 Dungeon Crawl Stone Soup version 0.30-a0-1114-gd936c97349 (webtiles) character file.

Game seed: 9965257431831940024

294 Anamonty the Stinger (level 6, -4/41 HPs)
             Began as an Octopode Venom Mage on Apr 21, 2023.
             Splashed by a jelly's acid (12 damage)
             ... on level 4 of the Dungeon.
             The game lasted 00:05:12 (3573 turns).

Anamonty the Stinger (Octopode Venom Mage)          Turns: 3573, Time: 00:05:12

Health: -4/41      AC: -7    Str:  9    XL:     6   Next: 33%
Magic:  6/10       EV: 14    Int: 17    God:
Gold:   148        SH:  0    Dex: 13    Spells: 3/11 levels left

rFire   . . .      SeeInvis .    q - +5 short sword (drain)
rCold   . . .      Faith    .    (no shield)
rNeg    . . .      Spirit   .    (helmet restricted)
rPois   .          Reflect  .    (no amulet)
rElec   .          Rampage  .    o - ring of willpower
rCorr   .                        (no ring)
Will    +....                    (no ring)
Stlth   +++                      (no ring)
HPRegen 0.26/turn                (no ring)
MPRegen 0.12/turn                (no ring)
                                 (no ring)
                                 (no ring)

@: corroded, invisible
A: almost no armour, amphibious, 8 rings, camouflage 1, gelatinous body 1,
(nimble swimmer 1), tentacles, wild magic 1
a: no special abilities


You were on level 4 of the Dungeon.
You visited 1 branch of the dungeon, and saw 4 of its levels.

You collected 148 gold pieces.

Inventory:

Hand Weapons
 q - a +5 short sword of draining (weapon)
Jewellery
 e - an amulet of guardian spirit
 m - a ring of ice
 o - a ring of willpower (left tentacle)
Wands
 n - a wand of roots (4) (quivered)
Scrolls
 b - 3 scrolls of immolation {unknown}
 d - a scroll of enchant armour {unknown}
 h - 2 scrolls of identify {unknown}
Potions
 a - a potion of magic
 c - a potion of flight {unknown}
 f - 2 potions of invisibility
 i - a potion of mutation
 l - 2 potions of resistance {unknown}
 p - 2 potions of brilliance {unknown}


   Skills:
 + Level 2.5 Fighting
 + Level 3.3 Dodging
 - Level 2.6 Stealth
 + Level 3.1 Spellcasting
 - Level 1.0 Transmutations
 * Level 5.9 Poison Magic


You had 3 spell levels left.
You knew the following spells:

 Your Spells              Type           Power      Damage    Failure   Level
a - Sting                 Tmut/Pois      72%        1d6       7%          1
b - Olgreb's Toxic Radia  Pois           29%        N/A       21%         4
c - Mephitic Cloud        Conj/Pois/Air  12%        N/A       30%         3

Your spell library contained the following spells:

 Spells                   Type           Power      Damage    Failure   Level
 Poisonous Vapours        Pois/Air       32%        N/A       12%         2
 Vhi's Electric Charge    Tloc/Air       6%         N/A       54%         3
 Arcjolt                  Conj/Air       1%         1d11      99%         5
 Plasma Beam              Fire/Air       1%         2x1d12    100%        6


Dungeon Overview and Level Annotations

Branches:
Dungeon (4/15)
 Temple: D:4-7

Altars:
Dithmenos


Innate Abilities, Weirdness & Mutations

You cannot wear most types of armour.
You are amphibious.
You can wear up to eight rings at the same time.
Your skin changes colour to match your surroundings (Stealth+).
Your rubbery body absorbs attacks. (AC +1, EV +1)
((You are camouflaged when in or above water. (Stealth+)))
You have tentacles for arms and can constrict up to eight enemies at once.
Your spells are a little harder to cast, but a little more powerful.


Message History

Aiming: Sting (safe; 7% risk of failure)
Press: ? - help, Shift-Dir - straight line, f - jelly
Aim: a jelly (100% to hit)
The sting hits the jelly.
The jelly partially resists.
The jelly is moderately wounded.
The jelly hits you. The acid corrodes you!
You are splashed with acid!
Unknown command.
You hit the jelly. The acid corrodes you!
Your tentacles burn!
You squeeze the jelly.
The jelly is severely wounded.
The jelly barely misses you.
The orc priest looks satisfied for a moment.
You see here a giant cockroach corpse.
Casting: Sting (safe; 7% risk of failure)
Confirm with . or Enter, or press ? or * to list all spells.
The spell is quite dangerous to miscast (21% risk of failure)!
Continue anyway?
You begin to radiate toxic energy.
The orc wizard is poisoned.
The orc priest is poisoned.
The orc priest looks even sicker.
The jelly hits you. The acid corrodes you!
You are splashed with acid!
The orc priest casts a cantrip, but nothing happens.
A giant cockroach comes into view.
Unknown command.
Unknown command.
The jelly attacks as you move away! The jelly barely misses you.
The orc wizard looks even sicker.
The orc priest looks even sicker.
Your toxic aura wanes.
You hit the jelly but do no damage.
Your tentacles burn!
You squeeze the jelly, but do no damage.
The jelly is severely wounded.
The jelly hits you.
You are splashed with acid!
* * * LOW HITPOINT WARNING * * *
Unknown command.
The orc wizard attacks as you move away!
The orc wizard hits you with a +0 dagger.
* * * LOW HITPOINT WARNING * * *
You fade into invisibility!
The jelly hits you.
* * * LOW HITPOINT WARNING * * *
You are splashed with acid!
You die...

...# ##.....##.#
#### .........##
## #
#.#.......##..
#.#o#.#.#....##
########
#..............
.).....#
###†#.#.#....#
######.#
#o.........# #
#.# #J#.#.#....#
###.###
#.@......#.
#.....#
#####.#..#
####.....#######
#.#..##
...............#
#.....#
####.....#####.#
###...#
#.....#####.#
#...#
###.###...#.#
#...#
#.......#.#
#...#
##########...#.#
#...#


You could see a jelly, an orc priest (unable to see you, very poisoned) and an
orc wizard (unable to see you, very poisoned).

Vanquished Creatures
  2 orc priests (D:4)
  8 gnolls
  6 adders
  2 worms
  6 dart slugs
  9 orcs (D:4)
  2 bats
  7 endoplasms
  3 giant cockroaches
  8 goblins
  7 hobgoblins
  3 quokkas
  7 ball pythons
  7 frilled lizards
  5 kobolds
  3 rats
85 creatures vanquished.

Notes
Turn   | Place    | Note
-------+----------+-------------------------------------------
     0 | D:1      | Anamonty the Octopode Venom Mage began the quest for the
                  | Orb.
     0 | D:1      | Reached XP level 1. HP: 11/11 MP: 3/3
   146 | D:1      | Reached XP level 2. HP: 16/18 MP: 3/5
   228 | D:1      | Reached skill level 4 in Poison Magic
   580 | D:1      | Reached XP level 3. HP: 13/22 MP: 2/6
   804 | D:1      | Reached skill level 1 in Fighting
  1554 | D:2      | Reached XP level 4. HP: 24/28 MP: 3/7
  1621 | D:2      | Learned a level 4 spell: Olgreb's Toxic Radiance
  2002 | D:2      | Learned a level 3 spell: Mephitic Cloud
  2294 | D:3      | Reached skill level 5 in Poison Magic
  2296 | D:3      | Reached XP level 5. HP: 34/34 MP: 4/9
  2597 | D:3      | Found a faded altar of an unknown god.
  2968 | D:4      | Gained mutation: Your spells are a little harder to cast,
                  | but a little more powerful. [potion of mutation]
  3252 | D:4      | Found a shadowy altar of Dithmenos.
  3328 | D:4      | Reached XP level 6. HP: 41/41 MP: 2/10
  3573 | D:4      | Splashed by a jelly's acid

Illustrated notes

Levels and vault maps discovered:
D:1:      sevenhm_arrival_forest_fort_large_4, layout_loops_ring
D:2:      layout_loops_corners
D:3:      layout_rooms, serial_glass, glass_columns_a, glass_columns_b,
          shapermc_ecumenical_altar_flowoftime, minmay_quadrilaterals
D:4:      layout_loops_ring, mainiacjoe_overflow_tiny_flanked, kennysheep_mini,
          gammafunk_temple_overflow_statue, serial_glass, glass_columns_c,
          glass_columns_b

Skill      XL: |  1  2  3  4  5 |
---------------+----------------+-----
Poison Magic   | 4 5 |  5.9
Fighting       | 1 2 |  2.5
Dodging        | 3 |  3.3
Spellcasting   | 3 |  3.1
Stealth        | |  2.6
Transmutations | |  1.0

Action                     |  1- 3 |  4- 6 || total
---------------------------+-------+-------++-------
  Melee: Unarmed           |    39 |       ||    39
         Tentacles         |    13 |    16 ||    29
         Constrict         |    14 |    16 ||    30
         Dagger            |    23 |    50 ||    73
         Punch             |     1 |       ||     1
         Short sword       |       |    15 ||    15
   Cast: Sting             |    30 |    21 ||    51
         Olgreb's Toxic Ra |       |     6 ||     6
  Evoke: Wand              |       |     3 ||     3
    Use: Potion            |       |     3 ||     3
         Scroll            |       |     4 ||     4
   Stab: Sleeping          |    10 |     8 ||    18
 Armour: Skin              |     6 |     5 ||    11
  Dodge: Dodged            |    38 |    47 ||    85

Table legend: (Time is in decaauts)
 A = Elapsed time spent in this place.
 B = Non-inter-level travel time spent in this place.
 C = Inter-level travel time spent in this place.
 D = Time resting spent in this place.
 E = Time spent auto-exploring this place.
 F = Levels seen in this place.
 G = Mean time per level.
                   A        B        C        D        E       F      G
               +--------+--------+--------+--------+--------+-----+--------+
         Total |   3570 |   3443 |    127 |      0 |   2781 |   4 |  892.5 |
       Dungeon |   3570 |   3443 |    127 |      0 |   2781 |   4 |  892.5 |
               +--------+--------+--------+--------+--------+-----+--------+

Top non-repeatable levels by time:
     D:1: 1070 daAuts
     D:3: 1069 daAuts
     D:2: 963 daAuts
     D:4: 467 daAuts
